Map: [ESL] Dragon Scales

Players

Elazer

  • Race: Zerg Zerg
  • Spawn Location: 11:00

Clem - Winner!

  • Race: Terran Terran
  • Spawn Location: 5:00

Event: ESL SC2 Masters 2023 Summer (Regionals)

VOD

Have the link to the VOD?

Description

Time

  • Played on: May 19, 2023, 1:30 p.m.
  • Length: 15:20

All games in this series

Show
View Real Time Build Order
Export as new Build Order

Elazer Zerg 

Build Orders: Hatch First 

Get SALT Encoding   

  12  0:00  Drone  
  13  0:12  Overlord  
  13  0:17  Drone  
  14  0:30  Drone x2  
  16  0:48  Hatchery  
  15  0:51  Drone  
  15  0:54  Drone  
  17  0:57  Drone  
  18  1:09  Extractor  
  17  1:13  Spawning Pool  
  17  1:16  Drone  
  17  1:20  Drone  
  18  1:28  Drone  
  19  1:38  Drone  
  20  1:49  Drone  
  21  1:59  Queen x2  
  21  2:00  Zergling x2  
  21  2:01  Zergling x2  
  27  2:11  Drone, Overlord  
  27  2:12  Metabolic Boost  
  28  2:30  Hatchery  
  28  2:31  Drone  
  28  2:32  Drone  
  28  2:35  Drone  
  29  2:38  Drone  
  30  2:47  Queen  
  30  2:50  Overlord  
  32  2:54  Drone  
  32  2:55  Drone  
  34  2:59  Drone  
  35  3:06  Overlord  
  35  3:08  Drone x3  
  35  3:09  Drone  
  39  3:15  Queen  
  41  3:23  Queen  
  43  3:29  Drone x2  
  43  3:30  Overlord, Zergling x2  
  46  3:38  Drone, Zergling x2  
  46  3:39  Drone x2  
  50  3:43  Queen, Drone  
  50  3:45  Drone  
  50  3:47  Drone  
  55  3:52  Queen  
  55  3:55  Drone x2  
  59  4:00  Drone x3  
  61  4:06  Drone x3  
  64  4:14  Drone  
  64  4:15  Overlord  
  65  4:18  Overlord  
  65  4:23  Drone  
  66  4:27  Lair  
  66  4:33  Queen x2, Zergling x8  
  66  4:36  Overlord  
  66  4:37  Drone x3  
  77  4:48  Drone x4  
  81  4:54  Drone  
  81  4:57  Extractor  
  81  4:59  Drone x5  
  86  5:00  Baneling Nest  
  86  5:03  Drone  
  86  5:07  Overlord  
  86  5:08  Hatchery  
  86  5:10  Spore Crawler x2  
  86  5:11  Spore Crawler  
  86  5:12  Drone  
  86  5:13  Drone x4  
  87  5:19  Overlord  
  87  5:22  Overlord  
  87  5:25  Extractor  
  87  5:26  Extractor  
  86  5:28  Zergling x8  
  86  5:29  Overseer  
  86  5:33  Overseer  
  86  5:37  Overlord  
  86  5:38  Zergling x4  
  88  5:49  Drone  
  87  5:50  Drone x9, Centrifugal Hooks  
  87  5:55  Drone  
  97  6:00  Evolution Chamber  
  97  6:02  Evolution Chamber  
  97  6:04  Overlord  
  95  6:09  Overlord  
  95  6:10  Drone x3  
  98  6:11  Drone x3  
  101  6:19  Hatchery  
  101  6:24  Zergling x10  
  101  6:25  Zergling x4  
  107  6:26  Zerg Ground Armor Level 1  
  107  6:29  Zerg Melee Weapons Level 1  
  107  6:31  Spore Crawler  
  106  6:34  Drone x3  
  106  6:35  Baneling x8  
  106  6:36  Zergling x6  
  112  6:41  Burrow  
  112  6:43  Overlord  
  112  6:44  Zergling x10  
  117  6:56  Zergling x20  
  124  7:04  Overlord  
  124  7:05  Zergling x8  
  128  7:09  Pneumatized Carapace  
  128  7:11  Overseer  
  126  7:15  Drone  
  126  7:16  Drone  
  126  7:19  Zergling x16  
  134  7:31  Zergling x16  
  134  7:36  Overlord  
  142  7:37  Zergling x2  
  142  7:38  Baneling x6  
  142  7:39  Baneling x2  
  142  7:45  Overseer  
  142  7:46  Baneling x9  
  142  7:49  Zergling x16  
  142  7:51  Overlord x3  
  150  7:52  Extractor  
  150  7:53  Hydralisk Den  
  150  7:55  Hatchery, Drone x3  
  142  7:59  Zergling x10  
  142  8:04  Zergling x6  
  145  8:12  Overlord  
  144  8:14  Drone x9  
  144  8:19  Baneling x15  
  153  8:26  Overlord x5  
  153  8:27  Zerg Missile Weapons Level 1  
  153  8:32  Extractor, Drone x2  
  153  8:33  Drone x2  
  156  8:35  Overlord  
  156  8:40  Zergling x10  
  157  8:46  Zergling x8  
  159  8:54  Queen x2  
  159  8:55  Queen x3  
  165  8:56  Hydralisk x6  
  165  8:57  Muscular Augments  
  177  9:09  Hydralisk x4, Drone, Spore Crawler  
  179  9:10  Zergling x6  
  179  9:11  Zergling x6  
  181  9:28  Overseer  
  181  9:36  Overlord, Zerg Ground Armor Level 2  
  179  9:40  Overseer  
  179  9:42  Hydralisk x3, Overseer  
  185  9:49  Zergling x30  
  200  9:54  Overlord  
  200  9:56  Baneling x9  
  173  10:15  Zergling x46  
  173  10:16  Overseer  
  173  10:17  Overseer x4  
  193  10:27  Hydralisk x5  
  194  10:30  Overlord  
  189  10:38  Zergling x16  
  189  10:48  Overlord x3, Grooved Spines  
  188  10:53  Baneling x12  
  188  10:59  Hatchery  
  165  11:11  Zergling x10  
  165  11:12  Zergling x36  
  165  11:16  Zergling x2  
  165  11:17  Zergling x4  
  189  11:26  Hatchery  
  189  11:28  Zergling x10  
  189  11:31  Zerg Missile Weapons Level 2  
  186  11:33  Zergling x2  
  183  11:45  Spore Crawler  
  182  11:48  Zergling x28  
  182  11:52  Zerg Melee Weapons Level 2  
  182  11:53  Zergling x2  
  196  12:00  Lair  
  195  12:02  Overlord  
  195  12:04  Zergling x10  
  195  12:06  Spawning Pool  
  199  12:14  Drone x3  
  199  12:15  Drone  
  193  12:29  Baneling x23  
  193  12:31  Hydralisk  
  193  12:32  Hydralisk x2  
  184  13:02  Zergling x22  
  185  13:05  Zergling x6  
  185  13:06  Zergling x22  
  185  13:10  Zergling x2  
  191  13:33  Baneling x8  
  191  13:34  Baneling x14  
  187  13:35  Zergling x2  
  187  13:36  Zergling x24  
  197  13:47  Hydralisk x7  
  181  13:56  Zergling x12  
  181  13:59  Hydralisk  
  181  14:00  Hydralisk x5  
  172  14:13  Hydralisk x6  
  172  14:16  Baneling  
  167  14:17  Baneling x7  
  165  14:24  Baneling x3  
  162  14:32  Overseer x3  
  151  14:44  Zergling x10  
  151  14:45  Zergling x40  
  145  15:06  Hatchery  
Show
View Real Time Build Order
Export as new Build Order

Clem Terran - Winner!

Build Orders: Reaper Expand, Hellion Banshee 

Get SALT Encoding   

  12  0:00  SCV  
  13  0:12  SCV  
  14  0:16  Supply Depot  
  14  0:24  SCV  
  15  0:38  Barracks, SCV  
  16  0:43  Refinery  
  16  0:50  SCV  
  17  1:02  SCV  
  18  1:14  SCV  
  19  1:25  Reaper  
  20  1:26  Orbital Command  
  20  1:38  Command Center  
  20  1:46  Supply Depot  
  20  1:52  SCV  
  21  1:57  Marine  
  22  2:04  SCV  
  23  2:10  Factory  
  23  2:16  SCV  
  23  2:20  Barracks Reactor  
  24  2:28  SCV  
  25  2:37  Command Center  
  25  2:40  SCV  
  26  2:49  Orbital Command  
  26  2:52  SCV  
  26  2:57  Starport  
  27  3:02  Refinery  
  27  3:05  SCV  
  28  3:10  Hellion  
  30  3:13  Hellion  
  30  3:16  SCV  
  30  3:18  SCV  
  34  3:20  Barracks Tech Lab  
  34  3:28  SCV  
  34  3:30  SCV  
  34  3:31  Hellion  
  38  3:35  Hellion  
  41  3:41  SCV, Banshee  
  41  3:42  SCV  
  45  3:49  Orbital Command  
  45  3:53  SCV  
  45  3:54  SCV  
  47  4:01  Hellion x2  
  47  4:02  Cloaking Field  
  51  4:04  Barracks Tech Lab  
  51  4:05  SCV  
  51  4:09  Supply Depot  
  52  4:11  SCV  
  52  4:14  SCV  
  54  4:17  SCV  
  54  4:23  SCV  
  56  4:24  Banshee  
  56  4:26  SCV  
  56  4:29  Barracks  
  56  4:30  Barracks  
  60  4:32  Marine  
  60  4:33  SCV  
  60  4:35  Supply Depot  
  60  4:37  Stimpack  
  62  4:40  Orbital Command, SCV  
  62  4:45  SCV  
  64  4:46  Refinery, Factory Reactor  
  64  4:48  Refinery  
  64  4:51  Engineering Bay  
  64  4:52  Engineering Bay  
  64  4:53  SCV  
  64  4:56  Marine  
  64  4:57  SCV  
  64  4:58  Supply Depot  
  67  5:05  SCV  
  68  5:08  Barracks, SCV  
  68  5:10  Barracks, SCV  
  70  5:17  Marine  
  70  5:19  Marine x2  
  70  5:20  SCV  
  74  5:21  Supply Depot  
  74  5:25  Terran Infantry Weapons Level 1, Terran Infantry Armor Level 1  
  74  5:26  SCV  
  74  5:28  SCV, Starport Reactor  
  76  5:29  Marine  
  76  5:32  Marine  
  76  5:35  Marine  
  78  5:37  Marine  
  78  5:39  Siege Tank  
  78  5:41  SCV  
  78  5:42  Marine  
  83  5:44  SCV  
  83  5:45  SCV  
  83  5:49  Supply Depot  
  85  5:52  Marine, Supply Depot  
  85  5:53  SCV  
  85  5:54  Marine  
  85  5:56  Marine x2  
  90  5:58  SCV  
  90  5:59  Barracks Reactor x2  
  90  6:01  SCV  
  92  6:06  SCV  
  92  6:10  SCV, Medivac x2  
  98  6:13  Marine, SCV  
  98  6:16  Combat Shield  
  98  6:18  Marine x2, Supply Depot, SCV  
  101  6:19  Marine  
  101  6:23  Marine, Siege Tank  
  108  6:27  SCV  
  108  6:30  Refinery  
  108  6:31  Supply Depot  
  109  6:40  Marine x5, SCV x3  
  109  6:42  Supply Depot  
  109  6:44  Supply Depot  
  109  6:46  Factory  
  117  6:49  Armory  
  117  6:52  Marine x2  
  117  6:53  Marine x2, Medivac  
  123  6:59  Command Center  
  123  7:04  Marine x5, Supply Depot  
  130  7:08  Widow Mine  
  130  7:09  Medivac  
  130  7:10  Marine  
  130  7:11  SCV  
  130  7:13  SCV, Marine  
  130  7:15  Marine x2  
  138  7:19  Supply Depot  
  138  7:21  Marine  
  138  7:22  Marine x2  
  141  7:25  Marine, SCV  
  141  7:26  Marine  
  141  7:28  Marine  
  145  7:31  Marine  
  145  7:32  Medivac  
  145  7:33  Widow Mine, Factory Reactor  
  149  7:40  Marine x5, Supply Depot  
  149  7:43  Marine  
  149  7:44  Marine  
  155  7:46  Marine  
  157  7:56  Barracks  
  157  7:57  Medivac  
  157  7:58  Barracks, Widow Mine  
  155  7:59  Barracks  
  155  8:00  Marine x2  
  155  8:02  SCV, Medivac  
  155  8:05  Terran Infantry Weapons Level 2  
  155  8:12  Missile Turret  
  155  8:15  Widow Mine  
  155  8:19  Widow Mine x2  
  163  8:20  Marauder  
  163  8:21  Marine x4  
  163  8:22  SCV  
  163  8:24  Marine x3  
  163  8:27  Medivac  
  163  8:28  SCV x2  
  163  8:31  Sensor Tower  
  163  8:32  Medivac  
  169  8:34  SCV, Terran Infantry Armor Level 2  
  169  8:36  Supply Depot  
  169  8:40  Widow Mine  
  163  8:41  SCV x2  
  163  8:42  Marine  
  163  8:46  Planetary Fortress  
  163  8:47  Widow Mine, SCV, Marine  
  167  8:50  Marine  
  167  8:51  Marine  
  167  8:53  SCV x2  
  167  8:54  Widow Mine  
  173  8:57  Medivac  
  173  9:00  Marine  
  173  9:01  Marine x2, Command Center  
  178  9:05  Barracks Tech Lab x2  
  178  9:07  Barracks Tech Lab  
  172  9:11  Widow Mine  
  172  9:12  Marauder  
  172  9:15  Widow Mine  
  167  9:19  Widow Mine  
  167  9:23  Marauder  
  173  9:24  Marauder  
  173  9:27  Marauder  
  173  9:28  Medivac  
  173  9:29  Marine x2  
  173  9:30  Marine  
  180  9:33  Widow Mine  
  180  9:34  Marauder  
  180  9:36  Widow Mine  
  180  9:37  Refinery  
  186  9:38  Marine  
  186  9:39  Refinery  
  186  9:44  Medivac  
  187  9:46  Marauder  
  187  9:47  Widow Mine, Marine  
  187  9:50  Marauder  
  187  9:52  Marine x2  
  188  9:54  Command Center  
  188  9:56  Sensor Tower  
  188  9:57  Concussive Shells  
  188  9:58  Ghost Academy  
  188  10:09  Marauder  
  188  10:10  Widow Mine  
  188  10:11  Widow Mine x2, Marauder  
  188  10:12  Marauder  
  188  10:13  Marauder  
  190  10:19  Marine x2  
  190  10:20  Liberator  
  195  10:21  Marine x2  
  195  10:22  Marine  
  188  10:28  Marine x2  
  188  10:30  Marine, Marauder  
  188  10:32  Widow Mine x3, Marauder  
  188  10:33  Marine  
  195  10:37  Medivac  
  195  10:39  Marine x4  
  195  10:40  Ghost  
  194  10:46  Terran Infantry Weapons Level 3  
  194  10:47  Orbital Command  
  188  10:51  Marauder  
  188  10:53  Widow Mine x2, Marauder, Marine  
  188  10:54  Marauder  
  199  11:01  Marine  
  196  11:06  Marine x2  
  196  11:08  Terran Infantry Armor Level 3  
  196  11:09  Marine  
  196  11:10  Widow Mine  
  192  11:19  Marauder  
  192  11:20  Marauder, Ghost  
  192  11:21  Command Center  
  192  11:25  Widow Mine  
  196  11:26  Ghost  
  186  11:35  Widow Mine  
  183  11:42  Orbital Command  
  183  11:45  Command Center  
  183  11:48  Widow Mine  
  183  11:49  Ghost  
  183  11:53  Widow Mine  
  189  12:00  Widow Mine  
  191  12:02  Ghost  
  193  12:10  Terran Vehicle And Ship Armor Level 1  
  193  12:12  Ghost  
  193  12:13  Widow Mine, Marine, Ghost  
  197  12:16  Marine x2, Command Center  
  197  12:17  Marine, Command Center  
  199  12:26  Widow Mine  
  199  12:28  SCV  
  198  12:38  Widow Mine  
  198  12:43  Sensor Tower  
  200  12:44  Missile Turret  
  188  13:00  Ghost  
  188  13:01  Marine  
  168  13:06  Drilling Claws  
  168  13:07  Widow Mine, Marine  
  168  13:08  Ghost  
  168  13:09  Marine  
  168  13:12  Widow Mine  
  176  13:13  Widow Mine, Ghost  
  176  13:15  Liberator x2  
  176  13:16  Marine x2, Ghost  
  176  13:17  Marine x2  
  176  13:18  Marine  
  193  13:23  Neosteel Armor  
  193  13:26  Marine  
  193  13:28  Marine, Ghost  
  193  13:29  Widow Mine  
  193  13:33  Widow Mine, Marine  
  193  13:34  Marine  
  191  13:35  Widow Mine, Orbital Command  
  191  13:36  Marine  
  192  13:43  Marauder  
  192  13:45  Marine x6, Hi-Sec Auto Tracking  
  192  13:46  Marine  
  190  13:49  SCV  
  190  13:50  Widow Mine, SCV x2, Marine  
  190  13:51  Marine  
  190  13:52  SCV  
  190  13:54  Marine  
  190  13:55  Widow Mine  
  173  13:56  Widow Mine  
  173  13:57  Marine  
  146  14:03  Marine x4  
  146  14:04  Marine  
  146  14:06  Marine x2  
  146  14:07  Marine  
  146  14:08  SCV x2, Marine  
  153  14:11  Widow Mine  
  153  14:12  SCV  
  153  14:13  SCV  
  153  14:16  Widow Mine  
  155  14:19  Medivac  
  155  14:20  Marine  
  155  14:22  SCV  
  155  14:23  Planetary Fortress  
  159  14:26  Marine  
  159  14:28  Ghost  
  159  14:29  Widow Mine  
  159  14:30  Marine x4  
  164  14:34  Marine x3  
  164  14:37  Marauder  
  164  14:38  Marauder  
  167  14:40  Widow Mine, Marine  
  167  14:44  Marine  
  160  14:47  SCV  
  160  14:48  Marine x2  
  160  14:52  SCV, Marauder  
  164  14:54  Orbital Command  
  164  14:58  Marauder  
Tags
 
Add a new tag
Caveats
  • Supply blocks, unpowered buildings, or Contaminate may cause inaccurate times.
  • Supply counts are checked every 10 seconds.